 Dungeon Crawl Stone Soup version 0.16.2-2-g470672f (webtiles) character file.

5966 poirepourri the Fighter (level 10, -3/89 (97) HPs)
             Began as a Hill Orc Berserker on Aug 21, 2015.
             Was a High Priest of Trog.
             Slain by a polar bear (18 damage)
             ... on level 1 of the Orcish Mines.
             The game lasted 00:21:31 (10072 turns).

poirepourri the Fighter (Hill Orc Berserker)       Turns: 10072, Time: 00:21:31

HP:   -3/89 (97)    AC: 12    Str: 23    XL:     10   Next: 84%
MP:   10/10         EV: 12    Int:  7    God:    Trog [*****.]
Gold: 305           SH:  0    Dex: 11    Spells: 0 memorised, 9 levels left

rFire  . . .     SeeInvis +     t - +3 hand axe (chop)
rCold  . . .     Clarity  .     e - +1 scale mail
rNeg   . . .     SustAb   .     (no shield)
rPois  .         Gourm    +     (no helmet)
rElec  .         Spirit   .     j - +0 cloak
rCorr  .         Warding  .     (no gloves)
rMut   .         Stasis   .     l - +1 pair of boots
MR     ++...                    o - amulet of the gourmand
Stlth  ..........               (no ring)
                                k - ring of see invisible

@: regenerating, very resistant to hostile enchantments, extremely unstealthy
A: no striking features
a: Burn Spellbooks, Berserk, Trog's Hand, Brothers in Arms, Renounce Religion


You were on level 1 of the Orcish Mines.
You worshipped Trog.
Trog was extremely pleased with you.
You were not hungry.

You visited 2 branches of the dungeon, and saw 10 of its levels.

You collected 487 gold pieces.
You spent 182 gold pieces at shops.

Inventory:

Hand weapons
 a - a +0 hand axe
 g - a cursed +0 giant club
 t - a +3 hand axe of chopping (weapon)
 E - a +3 war axe
Armour
 b - a +0 animal skin
 e - a +1 scale mail (worn)
 j - a +0 cloak (worn)
 l - a +1 pair of boots (worn)
 r - a +0 pair of boots
Jewellery
 k - a ring of see invisible (left hand)
 o - an amulet of the gourmand (around neck)
 v - an uncursed ring of loudness
Magical devices
 i - a wand of confusion (13)
 q - a wand of random effects (11)
 s - a wand of frost (26)
 x - a wand of digging (9)
 y - a wand of cold (9)
Scrolls
 c - 2 scrolls of fog
 d - 3 scrolls of remove curse
 n - 2 scrolls of identify
 p - a scroll of magic mapping
 z - a scroll of teleportation
 A - 4 scrolls of recharging
Potions
 h - a potion of might
 m - 3 potions of curing
 u - 2 potions of berserk rage
 w - a potion of invisibility
 B - a potion of haste
 D - 2 potions of heal wounds
Comestibles
 f - 10 slices of pizza
 C - 3 bread rations


   Skills:
 * Level 12.0 Fighting
 + Level 10.0 Axes
 + Level 8.2 Armour
 + Level 6.3 Dodging
 + Level 1.2 Stealth


You had 9 spell levels left.
You didn't know any spells.

Dungeon Overview and Level Annotations

Branches:
Dungeon (9/15)             Temple (0/1) D:7             Orc (1/4) D:9
   Lair: D:8-11

Altars:
Ashenzari
Fedhas
Makhleb
Nemelex Xobeh
Okawaru
Ru
Trog
Vehumet
Zin

Shops:
D:5 ?*

Portals:
Ice
Cave: Orc:1


Message History

Unknown command.
You hit the polar bear but do no damage.
The polar bear is severely wounded.
The polar bear misses you. The polar bear barely misses you.
The polar bear barely misses you.
Unknown command.
Use which ability? (? or * to list)
Your skin crawls.
You feel resistant to hostile enchantments.
You feel slightly more hungry. The polar bear bites you!!
* * * LOW HITPOINT WARNING * * *
The polar bear claws you.
* * * LOW HITPOINT WARNING * * *
The polar bear claws you but does no damage.
You hit the polar bear.
The polar bear is severely wounded.
The polar bear barely misses you.
The polar bear claws you but does no damage.
The polar bear closely misses you. The polar bear bites you!!
You die...

#. #.# ####..## #..#..#.
###.....#. # ##.........
... ### ##......#...
..$...###@#####......###..
..∩$..hhh#.#.#<).....##...
.....#.####...)......#....
. # ##.#).)....##...
####......##...
##.......... ###........
##....... ##.......


You could see 3 polar bears.

Vanquished Creatures
  The ghost of 3j109ei the Magician, an experienced DEEE (D:4)
  2 hippogriffs (D:9)
  Eustachio (D:6)
  A wyvern (D:9)
  4 vampire mosquitoes (D:9)
  A wolf (Orc:1)
  Edmund (D:9)
  2 yaks (Orc:1)
  A warg (Orc:1)
  3 orc warriors
  2 phantoms
  A sky beast (D:7)
  3 black bears
  An ice beast (D:5)
  5 necrophages (D:8)
  5 ogres
  4 centaurs
  4 giant frogs
  A water moccasin skeleton (D:5)
  8 wights
  2 jellies (D:9)
  3 crimson imps
  A giant frog skeleton (D:5)
  6 orc priests
  2 centaur zombies
  A gnoll shaman (D:9)
  3 hounds
  6 worker ants
  8 orc wizards
  2 iguanas
  A hound skeleton (D:4)
  A mummy (D:8)
  A worker ant zombie (D:6)
  10 adders
  6 gnolls (D:9)
  A giant mite (D:4)
  A worm (D:2)
  3 adder skeletons
  2 adder zombies
  3 giant geckos
  2 oozes
  59 orcs
  10 goblins
  16 hobgoblins
  12 jackals
  3 ball pythons
  10 bats
  6 giant cockroaches
  A giant gecko skeleton (D:7)
  A giant newt (D:5)
  A jackal skeleton (D:4)
  9 kobolds
  2 quokkas
  A quokka skeleton (D:4)
  2 quokka zombies
  18 rats
  5 ballistomycetes (D:6)
  2 bushes (D:8)
274 creatures vanquished.

Vanquished Creatures (collateral kills)
  An ogre (D:7)
  An ogre zombie (D:7)
  A shadow imp (D:7)
  An orc (D:7)
  A quokka (D:7)
  A jackal skeleton (D:7)
6 creatures vanquished.

Vanquished Creatures (others)
  2 giant spores (D:6)
  3 plants (D:8)
5 creatures vanquished.

Grand Total: 285 creatures vanquished

Notes
Turn   | Place    | Note
--------------------------------------------------------------
     0 | D:1      | poirepourri, the Hill Orc Berserker, began the quest for the Orb.
     0 | D:1      | Reached XP level 1. HP: 19/19 MP: 1/1
    52 | D:1      | Reached XP level 2. HP: 6/27 MP: 2/2
   535 | D:1      | Acquired Trog's second power
   782 | D:2      | Reached XP level 3. HP: 29/34 MP: 3/3
   887 | D:2      | Found a shattered altar of Ashenzari.
  1157 | D:2      | Found a sparkling altar of Nemelex Xobeh.
  1692 | D:3      | Found a radiant altar of Vehumet.
  1783 | D:3      | Reached XP level 4. HP: 37/41 MP: 4/4
  2364 | D:4      | Reached skill level 5 in Fighting
  2399 | D:4      | Found an iron altar of Okawaru.
  2400 | D:4      | Noticed 3j109ei's ghost (experienced DEEE)
  2402 | D:4      | Noticed an ogre
  2432 | D:4      | Killed 3j109ei's ghost
  2432 | D:4      | Reached skill level 6 in Fighting
  2432 | D:4      | Reached skill level 5 in Axes
  2432 | D:4      | Reached XP level 5. HP: 37/51 MP: 5/5
  2432 | D:4      | Reached XP level 6. HP: 42/58 MP: 6/6
  2434 | D:4      | Killed an ogre
  2434 | D:4      | Reached XP level 7. HP: 47/64 MP: 7/7
  2835 | D:4      | Found a burning altar of Makhleb.
  2844 | D:4      | Reached skill level 7 in Fighting
  3311 | D:5      | Entered Level 5 of the Dungeon
  3518 | D:5      | Found a sacrificial altar of Ru.
  3983 | D:5      | Found Qoiq's Assorted Antiques.
  3995 | D:5      | Bought a scroll labeled CARITUHUWI for 26 gold pieces
  3995 | D:5      | Bought a jewelled silver wand for 104 gold pieces
  3995 | D:5      | Bought a scroll of identify for 52 gold pieces
  4070 | D:5      | Found a glowing silver altar of Zin.
  4262 | D:5      | Found Irepli's Magic Scroll Boutique.
  4276 | D:5      | Reached XP level 8. HP: 43/74 MP: 8/8
  4724 | D:5      | Acquired Trog's third power
  4938 | D:6      | Reached skill level 8 in Fighting
  5232 | D:6      | Reached skill level 5 in Armour
  5630 | D:6      | Noticed Eustachio
  5651 | D:6      | Killed Eustachio
  5836 | D:6      | Reached XP level 9. HP: 37/82 MP: 9/9
  5841 | D:6      | Reached skill level 9 in Fighting
  5850 | D:6      | Reached skill level 5 in Dodging
  6822 | D:7      | Found a staircase to the Ecumenical Temple.
  7203 | D:8      | Reached skill level 10 in Fighting
  7990 | D:8      | Reached skill level 1 in Stealth
  8153 | D:8      | Found a blossoming altar of Fedhas.
  8234 | D:8      | Reached XP level 10. HP: 84/91 MP: 10/10
  8664 | D:9      | Reached skill level 11 in Fighting
  8698 | D:9      | Found a staircase to the Orcish Mines.
  9059 | D:9      | Noticed Edmund
  9076 | D:9      | Killed Edmund
  9268 | D:9      | Found a bloodstained altar of Trog.
  9845 | Orc:1    | Entered Level 1 of the Orcish Mines
 10028 | Orc:1    | Found a frozen archway.
 10042 | Orc:1    | Reached skill level 12 in Fighting
 10052 | Orc:1    | Reached skill level 10 in Axes
 10072 | Orc:1    | Slain by a polar bear

Action                   |  1- 3 |  4- 6 |  7- 9 | 10-12 || total
-------------------------+-------+-------+-------+-------++-------
Melee: Hand axe          |   123 |    68 |   695 |   326 ||  1212
Invok: Berserk           |     1 |     2 |     7 |     1 ||    11
       Trog's Hand       |     1 |     1 |     9 |     4 ||    15
       Brothers in Arms  |       |       |     2 |       ||     2
       Burn Spellbooks   |       |       |       |     2 ||     2
  Use: Scroll            |     9 |     2 |     8 |     2 ||    21
       Potion            |     3 |     4 |     4 |       ||    11
  Eat: Meat ration       |     1 |       |     1 |     1 ||     3
       Bread ration      |       |     1 |     1 |     1 ||     3
       Chunk             |       |       |    14 |       ||    14
       Fruit             |       |       |     2 |       ||     2
       Pizza             |       |       |     1 |       ||     1
